 Dungeon Crawl Stone Soup version 0.31-a0-868-g674d60d (webtiles) character file.

Game seed: 11761784295192950400

1450316 Bronneh the Slayer (level 27, 186/186 (193) HPs)
             Began as a Gargoyle Monk on Oct 9, 2023.
             Was the Champion of Zin.
             Escaped with the Orb
             ... and 3 runes on Oct 11, 2023!
             The game lasted 07:11:03 (98485 turns).

Bronneh the Slayer (Gargoyle Monk)                 Turns: 98485, Time: 07:11:03

HP:   186/186 (193) AC: 59    Str: 28      XL:     27
MP:   36/36         EV: 10    Int: 14 (15) God:    Zin [******]
Gold: 1363          SH: 20    Dex: 14 (15) Spells: 26/26 levels left

rFire   + + +        m - +9 sacred scourge (holy)
rCold   + + .        L - +5 kite shield
rNeg    + . .        X - +7 gold dragon scales
rPois   ∞            S - +1 helmet of the Game Afoot {Dex+3}
rElec   +            N - +2 cloak {Will+}
rCorr   .            e - +1 pair of gloves
SInv    .            i - +1 pair of boots
Will    ++++.        k - amulet of guardian spirit Stlth
                     q - ring of protection from fire
HPRegen 0.51/turn    O - ring "Suuxzaq" {rF+ rC+ Will+ Str+3}
MPRegen 0.25/turn

%: guardian spirit
@: flying, hasted, lightly drained, very quick
A: sickness immunity, AC +20, big wings, negative energy resistance 1,
electricity resistance, torment resistance 1, petrification resistance
0: Orb of Zot
}: 3/15 runes: barnacled, silver, gossamer
a: Renounce Religion, Recite, Vitalisation, Imprison, Sanctuary, Donate Gold


You escaped.
You worshipped Zin.
Zin was exalted by your worship.
You visited 9 branches of the dungeon, and saw 47 of its levels.
You visited the Abyss 1 time.
You visited 1 bazaar.
You also visited: Sewer and Ice Cave.

You collected 5326 gold pieces.
You spent 3443 gold pieces at shops.
You donated 520 gold pieces to Zin.

Inventory:

Hand Weapons
 m - a +9 sacred scourge of holy wrath (weapon)
 t - the +9 morningstar "Esoaluef" {protect, rF+ Int+3}
   (You found it on level 3 of the Dungeon)

   Int+3:     It affects your intelligence (+3).
   rF+:       It protects you from fire.
 G - a +9 eveningstar of venom
Missiles
 d - 7 silver javelins (quivered)
Armour
 e - a +1 pair of gloves (worn)
 i - a +1 pair of boots (worn)
 j - the +4 dragonskin cloak
   (You took it off Tiamat on level 3 of the Realm of Zot)

   Avatar's Aegis: It grants the wearer a chance to resist fire, cold, poison,
   electricity, acid, and negative energy.
 L - a +5 kite shield (worn)
 N - a +2 cloak of willpower (worn)
 S - the +1 helmet of the Game Afoot (worn) {Dex+3}
   (You found it on level 2 of the Depths)

   Dex+3:     It affects your dexterity (+3).
 X - +7 gold dragon scales (worn)
Jewellery
 a - a ring of resist corrosion
 b - a ring of positive energy
 k - an amulet of guardian spirit (around neck)
 q - a ring of protection from fire (left hand)
 E - a ring of see invisible
 O - the ring "Suuxzaq" (right hand) {rF+ rC+ Will+ Str+3}
   (You acquired it on level 1 of the Spider Nest)

   [ring of willpower]

   Str+3:     It affects your strength (+3).
   rF+:       It protects you from fire.
   rC+:       It protects you from cold.
   Will+:     It increases your willpower.
 P - the ring of Juhec {rElec rN+ Slay+4 Stlth+}
   (You acquired it on level 1 of the Spider Nest)

   [ring of slaying]

   Slay+4:    It affects your accuracy & damage with ranged weapons and melee
   (+4).
   rElec:     It insulates you from electricity.
   rN+:       It protects you from negative energy.
   Stlth+:    It makes you more stealthy.
 T - an amulet of reflection
 Z - a +6 ring of strength
Wands
 r - a wand of charming (34)
 v - a wand of digging (12)
 y - a wand of flame (58)
 F - a wand of roots (5)
 K - a wand of mindburst (10)
 M - a wand of light (11)
Scrolls
 f - 4 scrolls of revelation
 g - 9 scrolls of vulnerability
 n - 9 scrolls of teleportation
 o - 2 scrolls of silence
 p - 6 scrolls of fog
 s - 2 scrolls of fear
 u - a scroll of blinking
 x - 4 scrolls of noise
 C - 6 scrolls of immolation
 Q - 6 scrolls of torment
 V - 8 scrolls of poison
Potions
 c - 2 potions of ambrosia
 l - 12 potions of curing
 z - a potion of magic
 A - 2 potions of resistance
 B - 10 potions of mutation
 D - 9 potions of brilliance
 H - 3 potions of heal wounds
 I - 12 potions of might
 J - 6 potions of cancellation
 R - 3 potions of berserk rage
 U - 3 potions of invisibility
 Y - a potion of enlightenment
Miscellaneous
 h - a lightning rod (4/4)
 W - a phantom mirror


   Skills:
 - Level 25.0 Fighting
 + Level 24.5 Maces & Flails
 - Level 16.0 Throwing
 + Level 14.9 Armour
 + Level 11.8 Dodging
 + Level 19.1 Shields
 - Level 19.0 Invocations
 - Level 10.0 Evocations


You had 26 spell levels left.
You didn't know any spells.
Your spell library contained the following spells:

 Spells                   Type           Power      Damage    Failure   Level
 Apportation              Tloc           0%         N/A       100%        1
 Freeze                   Ice            0%         1d3       100%        1
 Kiss of Death            Conj/Necr      0%         2d5       100%        1
 Necrotise                Necr           0%         1d4       100%        1
 Sandblast                Erth           0%         2d4       100%        1
 Sting                    Tmut/Pois      0%         1d3       100%        1
 Summon Small Mammal      Summ           0%         N/A       100%        1
 Blink                    Tloc           0%         N/A       100%        2
 Call Imp                 Summ           0%         N/A       100%        2
 Ensorcelled Hibernation  Hex/Ice        0%         N/A       100%        2
 Lesser Beckoning         Tloc           0%         N/A       100%        2
 Momentum Strike          Conj/Tloc      0%         3d8       100%        2
 Passwall                 Tmut/Erth      0%         N/A       100%        2
 Poisonous Vapours        Pois/Air       0%         N/A       100%        2
 Call Canine Familiar     Summ           0%         N/A       100%        3
 Confusing Touch          Hex            0%         N/A       100%        3
 Frozen Ramparts          Ice            0%         1d1       100%        3
 Hailstorm                Conj/Ice       0%         3d3       100%        3
 Ignite Poison            Fire/Tmut/Pois 0%         N/A       100%        3
 Mephitic Cloud           Conj/Pois/Air  0%         N/A       100%        3
 Stone Arrow              Conj/Erth      0%         3d7       100%        3
 Summon Guardian Golem    Hex/Summ       0%         N/A       100%        3
 Swiftness                Air            0%         N/A       100%        3
 Tukima's Dance           Hex            0%         N/A       100%        3
 Vampiric Draining        Necr           0%         2d6       100%        3
 Brom's Barrelling Bould  Conj/Erth      0%         2d3       100%        4
 Dimensional Bullseye     Hex/Tloc       0%         N/A       100%        4
 Dispel Undead            Necr           0%         3d6       100%        4
 Iskenderun's Mystic Bla  Conj/Tloc      0%         2d3       100%        4
 Leda's Liquefaction      Hex/Erth       0%         N/A       100%        4
 Manifold Assault         Tloc           0%         N/A       100%        4
 Olgreb's Toxic Radiance  Pois           0%         N/A       100%        4
 Passage of Golubria      Tloc           0%         N/A       100%        4
 Petrify                  Tmut/Erth      0%         N/A       100%        4
 Summon Ice Beast         Ice/Summ       0%         N/A       100%        4
 Vhi's Electric Charge    Tloc/Air       0%         N/A       100%        4
 Agony                    Necr           0%         N/A       100%        5
 Arcjolt                  Conj/Air       0%         1d10      100%        5
 Fireball                 Conj/Fire      0%         3d3       100%        5
 Freezing Cloud           Conj/Ice/Air   0%         6-21      100%        5
 Irradiate                Conj/Tmut      0%         3d11      100%        5
 Iskenderun's Battlesphe  Conj           0%         2d6       100%        5
 Lee's Rapid Deconstruct  Erth           0%         3d4*      100%        5
 Silence                  Hex/Air        0%         N/A       100%        5
 Summon Forest            Summ/Tloc      0%         N/A       100%        5
 Summon Mana Viper        Hex/Summ       0%         N/A       100%        5
 Yara's Violent Unravell  Hex/Tmut       0%         3d3       100%        5
 Bombard                  Conj/Erth      0%         9d1       100%        6
 Conjure Ball Lightning   Conj/Air       0%         3x3d6     100%        6
 Plasma Beam              Fire/Air       0%         2x1d10    100%        6
 Simulacrum               Ice/Necr       0%         N/A       100%        6
 Haunt                    Necr/Summ      0%         N/A       100%        7
 Orb of Destruction       Conj           0%         9d5       100%        7
 Ozocubu's Refrigeration  Ice            0%         4d7       100%        7
 Spellforged Servitor     Conj/Summ      0%         N/A       100%        7
 Discord                  Hex            0%         N/A       100%        8
 Disjunction              Tloc           0%         N/A       100%        8
 Lehudib's Crystal Spear  Conj/Erth      0%         10d2      100%        8
 Maxwell's Capacitive Co  Air            0%         ∞         100%        8
 Polar Vortex             Ice            0%         N/A       100%        9
 Cigotuvi's Dreadful Rot  Necr/Pois/Air  Unusable   N/A       N/A         2
 Sublimation of Blood     Necr           Unusable   N/A       N/A         2

Dungeon Overview and Level Annotations

Branches:
Dungeon (15/15)            Temple (0/1) D:5            Lair (5/5) D:8
 Shoals (4/4) Lair:3       Spider (4/4) Lair:3        Slime (0/5) Lair:4
    Orc (2/2) D:9             Elf (3/3) Orc:2        Vaults (5/5) D:13
  Crypt (0/3) Vaults:3     Depths (4/4) D:15            Zot (5/5) Depths:4
  Sewer (visited)           IceCv (visited)

Altars:
Dithmenos
Elyvilon
Gozag
Hepliaklqana
Kikubaaqudgha
Nemelex Xobeh
Qazlal
Ru
Trog
Uskayaw
Vehumet
Xom
Yredelemnul
Zin
The Shining One
Lugonu

Shops:
D:2 :   D:3 *   D:7 *   D:13 [   D:14 *   Orc:2 [*:(   Elf:1 *   Elf:2 *[:!
Vaults:3 (   Depths:1 :==[

Portals:
Hell: Depths:1 Depths:2 Depths:3 Depths:4
Abyss: Depths:1 Depths:3
Pandemonium: Depths:1 Depths:2
Ziggurat: Depths:4

Annotations:
D:10 2 transporters
D:12 1 runed translucent door, exclusion: orange crystal statue
Lair:4 exclusion: 5 oklob plants
Spider:1 3 runed translucent doors, Goriov's ghost, journeyman DECj; Qaps's ghost, journeyman DECj
Spider:2 3 runed translucent doors, Roxanne; lyrin's ghost, adept MiBe
Vaults:1 2 runed translucent doors, Yngio's ghost, adept DjFE
Vaults:4 1 runed translucent door, arghonaut's ghost, adept DsIE


Innate Abilities, Weirdness & Mutations

You are immune to sickness and miasma.
Your stone body is resilient. (AC +20)
You are immune to poison.
Your large and strong wings let you fly.
You resist negative energy. (rN+)
You are resistant to electric shocks. (rElec)
You are resistant to unholy torment.
You are immune to petrification.


Message History

Something hits you but does no damage.
You whack something! You hit something. Something hits you but does no damage.
You barely miss something. You thrash something!!
Reactivating autopickup.
You feel a bit more experienced.
You block the demonspawn black sun's attack.
You feel your dexterity returning.
A hell hound comes into view.
The hell hound barks!
A hell hound comes into view.
The hell hound moves out of view.
There is a stone staircase leading up here.
You fly upwards.
There is a stone staircase leading down here.
There is a stone staircase leading up here.
Your extra speed is starting to run out.
You fly upwards.
There is a stone staircase leading down here.
You feel yourself slow down.
There is a stone staircase leading up here.
You fly upwards.
There is a stone staircase leading down here.
There is a stone staircase leading up here.
You fly upwards.
There is a stone staircase leading down here.
There is an escape hatch in the floor here.
You see here a +0 whip.
There is a stone staircase leading up here.
You fly upwards.
There is a stone staircase leading down here.
Okay, then.
You feel yourself speed up.
There is a stone staircase leading down here.
Magic restored.
There is a large open door here.
You see here a +0 club.
There is a staircase leading out of the dungeon here.
You have escaped!

###### ##≈ ≈§##....#
#≈≈≈ §≈≈####.# ≈≈≈≈ ####
≈≈§≈# #.#
#≈≈≈≈≈#@>#≈≈≈≈≈####.####
#≈≈#≈§#..#§≈#§≈#.......#
#≈≈≈≈≈#).#≈≈≈§≈###..##.#
#≈≈§≈≈≈..§§≈≈≈§#........
##≈≈≈≈≈.§§≈≈§≈####..##.#
#≈≈≈#≈§.§#≈≈§# #.....#
##≈≈§§§§§§≈≈#####..#..#
###≈§.§≈≈### #..).....
#####''#########..#.##


There were no monsters in sight!

Vanquished Creatures
  5 dread liches
  Tiamat (Zot:3)
  5 orbs of fire
  5 ancient liches
  Mennas (Vaults:4)
  Parghit (Zot:3)
  3 Killer Klowns (Zot:5)
  2 curse toes
  11 golden dragons
  Nikola (Spider:2)
  2 bone dragons (Zot:3)
  Arachne (Spider:1)
  A Tzitzimitl (Depths:3)
  3 doom hounds
  Jorgrun (Spider:2)
  5 electric golems
  16 tentacled monstrosities
  2 hellephants
  Mlioglotl (Spider:1)
  27 Orb Guardians
  An Ice Fiend (Zot:2)
  Grunn (Zot:4)
  Asterion (Spider:2)
  4 titans
  A deep elf blademaster (Elf:2)
  4 liches
  An Executioner (Zot:4)
  8 quicksilver dragons
  Frances (Elf:1)
  A walking frostbound tome (Depths:3)
  Polyphemus (Shoals:3)
  2 krakens
  A tentacled starspawn (Abyss:2)
  9 storm dragons
  9 sphinxes
  7 death cobs
  Agnes (D:14)
  16 shadow dragons
  7 tengu reavers
  Aizul (Elf:1)
  2 fire giants
  3 draconian knights
  13 draconian monks
  2 iron dragons
  A deep elf sorcerer (Vaults:4)
  9 frost giants
  3 emperor scorpions
  21 vault wardens
  5 ghost moths
  4 orc warlords
  6 draconian shifters
  9 draconian scorchers
  11 draconian annihilators
  21 ironbound preservers
  An angel (Shoals:3)
  5 draconian stormcallers
  3 broodmothers (Spider:4)
  A broodmother (shapeshifter) (Depths:2)
  A reaper (Zot:3)
  4 formless jellyfish
  2 spriggan defenders (Depths:3)
  19 stone giants
  5 vampire knights
  21 very ugly things
  An eleionoma (shapeshifter) (Vaults:5)
  3 deep elf demonologists
  13 green draconians
  2 apis
  11 ironbound thunderhulks
  12 yellow draconians
  Azrael (Spider:1)
  A deep elf annihilator (Elf:2)
  A minotaur (shapeshifter) (Vaults:4)
  20 black draconians
  21 purple draconians
  15 red draconians
  2 lorocyprocas
  19 white draconians
  9 spark wasps
  An ettin (shapeshifter) (Vaults:5)
  4 deep elf death magi
  10 dire elephants
  5 merfolk javelineers
  10 ettins
  8 merfolk impalers
  A deep elf high priest (Vaults:5)
  6 fire dragons
  A crystal guardian (Vaults:3)
  4 great orbs of eyes
  14 yaktaur captains
  37 vault guards
  7 entropy weavers
  2 rakshasas (Depths:3)
  5 spriggan air magi
  12 ice dragons
  A hell beast (D:7)
  10 hydras
  2 jorogumos
  2 radroaches (shapeshifter) (Vaults:5)
  2 merfolk avatars
  12 centaur warriors
  An alligator snapping turtle (Shoals:3)
  2 catoblepae
  2 ogre magi
  A peacekeeper (Vaults:3)
  A satyr (Shoals:2)
  9 two-headed ogres
  9 ironbound frosthearts
  6 boulder beetles
  28 dancing weapons
  2 death knights
  3 radroaches
  7 demonic crawlers
  11 tengu warriors
  9 merfolk aquamancers
  2 vampire magi
  7 hell hogs
  9 death yaks
  4 deep troll shamans
  4 orc high priests (Orc:2)
  5 deep troll earth magi
  2 thrashing horrors (Abyss:2)
  3 spriggan berserkers
  A shock serpent (shapeshifter) (Vaults:3)
  10 hell knights
  A sun demon (Abyss:3)
  9 skysharks
  14 deep elf knights
  2 skeletal warriors
  4 iron trolls
  An iron troll (shapeshifter) (Vaults:3)
  Amaemon (D:9)
  A sixfirhy (Zot:2)
  7 pharaoh ants
  13 sea snakes
  3 cherubim
  A goliath frog (Lair:5)
  8 shadow wraiths (Depths:3)
  A sun moth (Spider:4)
  15 deep elf archers
  51 deep trolls
  A flayed ghost (Depths:1)
  2 death drakes (Depths:4)
  9 wizards
  4 steelbarb worms
  16 orb spiders
  3 shadow demons
  A harpy (shapeshifter) (Vaults:5)
  12 ironbound convokers
  2 phantasmal warriors
  10 orc knights
  23 deep elf zephyrmancers
  16 harpies
  8 necromancers
  5 orc sorcerers (Orc:2)
  A cyclops (shapeshifter) (D:13)
  21 manticores
  27 wolf spiders
  12 lindwurms
  26 deep elf pyromancers
  A shining eye (shapeshifter) (Vaults:5)
  5 cyclopes
  A faun (shapeshifter) (Vaults:5)
  19 ugly things
  29 moths of wrath
  18 elephants
  22 vault sentinels
  5 water nymphs
  12 fauns
  Joseph (D:8)
  11 merfolk sirens
  A black mamba (shapeshifter) (D:15)
  5 black mambas
  7 torpor snails
  A gargoyle (D:10)
  An eye of devastation (shapeshifter) (D:15)
  2 unseen horrors
  An orange demon (D:9)
  2 hellions (Zot:1)
  5 rime drakes
  20 cane toads
  Maggie (Lair:1)
  44 yaktaurs
  Psyche (D:8)
  2 tengu conjurers
  8 freezing wraiths
  9 komodo dragons
  A red devil (Abyss:2)
  3 large abominations (Abyss:2)
  24 merfolk
  6 wind drakes
  2 hornets
  Prince Ribbit (D:7)
  7 meliai
  7 trolls
  2 tyrant leeches (Lair:5)
  29 tarantellas
  4 raiju (Abyss:2)
  A dream sheep (shapeshifter) (Elf:1)
  11 dream sheep
  22 blink frogs
  6 snapping turtles
  A jumping spider (shapeshifter) (D:11)
  20 slime creatures
  2 air elementals (Elf:1)
  A spriggan (shapeshifter) (Vaults:5)
  3 shadows
  21 jumping spiders
  A spriggan (Depths:2)
  17 culicivoras
  3 wraiths
  18 water elementals
  4 wyverns
  A ynoxinul (Abyss:2)
  3 fire elementals
  12 starcursed masses (Abyss:2)
  Eustachio (D:4)
  7 basilisks
  36 yaks
  A redback (shapeshifter) (Depths:3)
  A golden eye (shapeshifter) (Vaults:3)
  51 redbacks
  23 vampire mosquitoes
  4 wargs (Orc:2)
  An acid dragon (D:11)
  9 hell hounds
  A floating eye (Depths:3)
  15 water moccasins
  An ice beast (shapeshifter) (Elf:2)
  45 orc warriors
  4 black bears
  3 ice beasts
  2 sky beasts (D:7)
  11 ogres
  3 wolves (Lair:2)
  24 centaurs
  2 phantoms
  2 kobold brigands
  Blork the orc (D:6)
  23 bullfrogs
  An earth elemental (Elf:1)
  A scorpion (D:7)
  A gnoll sergeant (Orc:2)
  6 wights
  3 small abominations (Abyss:2)
  4 killer bees (D:7)
  3 howler monkeys
  6 electric eels
  A quasit (Abyss:2)
  3 hounds
  2 gnoll boudas
  23 orc priests
  7 jellies
  2 sleepcaps
  An iguana (D:5)
  An iron imp (Abyss:2)
  Natasha (thrice) (D:4)
  28 orc wizards
  Robin (D:4)
  8 gnolls
  15 adders
  A river rat (D:4)
  2 white imps (D:6)
  3 ufetubi
  2 worms
  4 dart slugs
  91 orcs
  6 ball pythons
  6 bats
  16 endoplasms
  10 giant cockroaches
  21 goblins
  13 hobgoblins
  7 jackals
  16 kobolds
  5 quokkas
  7 frilled lizards
  14 rats
  A creeping inferno (Zot:1)
  A spectral weapon (Spider:2)
  4 tentacles
2187 creatures vanquished.

Vanquished Creatures (collateral kills)
  A sphinx (Elf:1)
  A two-headed ogre (D:13)
2 creatures vanquished.

Vanquished Creatures (others)
  A draconian knight (Zot:2)
  A purple draconian (Zot:2)
  A yellow draconian (Zot:3)
  A deep elf knight (Elf:2)
  A deep elf pyromancer (Elf:1)
  A deep elf zephyrmancer (Orc:2)
  A water nymph (Shoals:4)
  A jumping spider (Spider:4)
  A hell hound (Elf:1)
  2 orc warriors
  An orc priest (Orc:2)
  3 orcs (Depths:4)
  A lurking horror (Abyss:2)
  2 starspawn tentacles (Abyss:2)
  39 tentacles
57 creatures vanquished.

Grand Total: 2246 creatures vanquished

Notes
Turn   | Place    | Note
-------+----------+-------------------------------------------
     0 | D:1      | Bronneh the Gargoyle Monk began the quest for the Orb.
     0 | D:1      | Reached XP level 1. HP: 14/14 MP: 1/1
    53 | D:1      | Reached XP level 2. HP: 19/19 MP: 2/2
   369 | D:1      | Reached skill level 1 in Armour
   369 | D:1      | Reached XP level 3. HP: 23/23 MP: 3/3
   927 | D:2      | Found Uruc's Book Shoppe.
   999 | D:2      | Reached XP level 4. HP: 25/28 MP: 4/4
  1788 | D:3      | Found Zin's Purification Station.
  1804 | D:3      | Found a glowing silver altar of Zin.
  1852 | D:3      | Reached XP level 5. HP: 32/32 MP: 5/5
  1886 | D:3      | Identified the +9 morningstar "Esoaluef" {protect, rF+
                  | Int+3}
  1990 | D:3      | Became a worshipper of Zin the Law-Giver
  1990 | D:3      | Reached * piety under Zin
  1990 | D:3      | Reached ** piety under Zin
  2098 | D:3      | Noticed an ice beast
  2111 | D:4      | Noticed Eustachio
  2111 | D:4      | Noticed a phantom
  2233 | D:3      | Killed a phantom
  2234 | D:3      | Reached skill level 5 in Maces & Flails
  2234 | D:3      | Reached skill level 1 in Invocations
  2275 | D:4      | Found a glowing drain.
  2280 | Sewer    | Entered a sewer
  2291 | Sewer    | Reached XP level 6. HP: 38/38 MP: 6/6
  2455 | Sewer    | Reached skill level 4 in Fighting
  2555 | Sewer    | Found a viscous altar of Jiyva.
  2638 | D:4      | Killed Eustachio
  2639 | D:4      | Reached XP level 7. HP: 40/44 MP: 6/8
  2726 | D:4      | Noticed Natasha
  2730 | D:4      | Killed Natasha
  2787 | D:4      | Noticed Natasha
  2794 | D:4      | Killed Natasha
  2849 | D:4      | Noticed Natasha
  2855 | D:4      | Killed Natasha
  2856 | D:4      | Noticed Robin
  2881 | D:4      | Killed Robin
  3098 | D:4      | Reached *** piety under Zin
  3100 | D:4      | Identified the +4 ring mail of Surprise {Regen+ Str+2}
  3318 | D:4      | Reached skill level 5 in Fighting
  3318 | D:4      | Reached XP level 8. HP: 43/49 MP: 6/10
  3659 | D:5      | Entered Level 5 of the Dungeon
  3698 | D:5      | Found a staircase to the Ecumenical Temple.
  4022 | D:5      | Found a basalt altar of Yredelemnul.
  4189 | D:6      | Reached skill level 6 in Fighting
  4401 | D:6      | Reached XP level 9. HP: 56/56 MP: 12/12
  4403 | D:6      | Reached skill level 5 in Invocations
  4502 | D:6      | Reached **** piety under Zin
  4606 | D:6      | Found a bloodstained altar of Trog.
  4648 | D:6      | Noticed Blork the orc
  4660 | D:6      | Killed Blork the orc
  4724 | D:6      | Found a sacrificial altar of Ru.
  5409 | D:7      | Found a hide-covered altar of Uskayaw.
  5442 | D:7      | Reached skill level 7 in Fighting
  5442 | D:7      | Reached skill level 1 in Shields
  5595 | D:7      | Found a hazy altar of Hepliaklqana.
  5687 | D:7      | Found an ancient bone altar of Kikubaaqudgha.
  5698 | D:7      | Found a shadowy altar of Dithmenos.
  5754 | D:7      | Found Jaxil's Assorted Antiques.
  5960 | D:7      | Reached skill level 10 in Maces & Flails
  5960 | D:7      | Reached XP level 10. HP: 64/64 MP: 9/14
  5999 | D:8      | Noticed Prince Ribbit
  6122 | D:8      | Noticed a two-headed ogre
  6205 | D:7      | Reached skill level 8 in Fighting
  6221 | D:7      | Killed Prince Ribbit
  6308 | D:7      | Killed a two-headed ogre
  6331 | D:8      | Noticed Joseph
  6384 | D:8      | Killed Joseph
  6385 | D:8      | Reached skill level 5 in Shields
  6487 | D:8      | Found a staircase to the Lair.
  6569 | D:8      | Identified the +1 robe "Odauvoa" {rPois rC+ Stlth-}
  6569 | D:8      | Noticed Psyche
  6576 | D:8      | Killed Psyche
  6805 | D:9      | Reached ***** piety under Zin
  6842 | D:9      | Reached XP level 11. HP: 69/69 MP: 16/16
  6858 | D:9      | Found a staircase to the Orcish Mines.
  6860 | D:9      | Noticed a manticore
  6869 | D:9      | Killed a manticore
  6870 | D:9      | Reached skill level 9 in Fighting
  6926 | D:9      | Noticed Amaemon
  6937 | D:9      | Killed Amaemon
  7053 | D:9      | Found a radiant altar of Vehumet.
  7756 | D:10     | Entered Level 10 of the Dungeon
  7908 | D:10     | Reached skill level 1 in Evocations
  8281 | D:10     | Found a transporter.
  8296 | D:10     | Found a transporter.
  8364 | D:10     | Found a transporter.
  8385 | D:10     | Found a transporter.
  8705 | Lair:1   | Entered Level 1 of the Lair of Beasts
  9074 | D:8      | Reached skill level 10 in Fighting
  9129 | Lair:1   | Noticed Maggie
  9137 | Lair:1   | Killed Maggie
  9138 | Lair:1   | Reached XP level 12. HP: 77/77 MP: 14/18
  9806 | Lair:2   | Noticed a skyshark
  9816 | Lair:2   | Killed a skyshark
 10190 | Lair:2   | You fall into a shaft and drop 1 floor!
 10639 | Lair:3   | Found a hole to the Spider Nest.
 10722 | Lair:2   | Reached skill level 5 in Evocations
 10987 | Lair:2   | Reached XP level 13. HP: 42/82 MP: 9/19
 11504 | Lair:3   | Reached skill level 15 in Maces & Flails
 11923 | Lair:3   | Reached skill level 10 in Shields
 12133 | Lair:3   | Found a staircase to the Shoals.
 14022 | D:11     | Reached ****** piety under Zin
 14284 | D:11     | Reached skill level 1 in Throwing
 14756 | D:12     | Gained mutation: Your large and strong wings let you fly.
                  | [Gargoyle growth]
 14756 | D:12     | Reached XP level 14. HP: 88/88 MP: 18/20
 14864 | D:12     | Reached skill level 5 in Armour
 15356 | D:12     | Found a runed translucent door.
 15449 | D:13     | Identified the +0 ring mail of the Swamp {Drain Str+4 SInv}
 15722 | D:13     | Found a gate to the Vaults.
 15820 | D:12     | Reached skill level 11 in Fighting
 16060 | D:13     | Identified the +1 chain mail of the Good {Rampage Dex+2}
 16313 | D:13     | Found Yritymirph's Armour Shop.
 16488 | D:14     | Noticed Agnes
 16505 | D:14     | Killed Agnes
 16714 | D:14     | Found an opulent altar of Gozag.
 16719 | D:14     | Found Gozag's Platinum Reserve.
 17276 | D:14     | Reached skill level 5 in Throwing
 17429 | D:14     | Found a glowing golden altar of the Shining One.
 17429 | D:14     | Found a white marble altar of Elyvilon.
 17429 | D:14     | Found a glowing silver altar of Zin.
 17519 | D:15     | Entered Level 15 of the Dungeon
 17966 | D:15     | Reached skill level 12 in Fighting
 17966 | D:15     | Reached XP level 15. HP: 82/96 MP: 18/21
 18329 | D:15     | Paralysed by an ogre mage for 2 turns
 18381 | D:15     | Found a staircase to the Depths.
 18479 | D:15     | Reached skill level 10 in Evocations
 18879 | Lair:5   | Entered Level 5 of the Lair of Beasts
 19494 | Lair:5   | Reached skill level 13 in Fighting
 19751 | Lair:5   | Identified the +8 broad axe of Ymahu {drain, Dex+3 SInv}
 20215 | Orc:1    | Entered Level 1 of the Orcish Mines
 20328 | D:13     | Bought the +5 plate armour of the Lair of Beasts {Str+4}
                  | for 1077 gold pieces
 20533 | Orc:2    | Entered Level 2 of the Orcish Mines
 20648 | Orc:2    | Reached skill level 10 in Armour
 21908 | Orc:2    | Identified the +3 plate armour of the Wary Olives {Rampage
                  | *Corrode rElec rF++}
 21984 | Orc:2    | Found a staircase to the Elven Halls.
 22118 | Orc:2    | Noticed an orc warlord
 22175 | Orc:2    | Killed an orc warlord
 22185 | Orc:2    | Reached XP level 16. HP: 80/105 MP: 20/22
 22409 | Orc:2    | Reached skill level 14 in Fighting
 22421 | Orc:2    | Found Eheoshri's General Store.
 22764 | Orc:2    | Found Uxtiraic's Book Shop.
 22806 | Orc:2    | Found Ranolid's Antique Weapon Boutique.
 22930 | Orc:2    | Paralysed by an orc sorcerer for 5 turns
 23197 | Orc:2    | Found Fuseimoby's Armour Emporium.
 23441 | Spider:1 | Entered Level 1 of the Spider Nest
 24594 | Spider:1 | Reached skill level 15 in Fighting
 25078 | Spider:1 | Found a runed translucent gate.
 25078 | Spider:1 | Found a runed translucent gate.
 25078 | Spider:1 | Found a runed translucent gate.
 25079 | Spider:1 | Noticed Goriov's ghost (journeyman DECj)
 25080 | Spider:1 | Noticed Qaps's ghost (journeyman DECj)
 25447 | Spider:1 | Reached skill level 10 in Throwing
 25564 | Spider:1 | Identified 3 scrolls of acquirement
 25564 | Spider:1 | Acquired a +5 eveningstar of freezing
 25636 | Spider:1 | Acquired the ring of Juhec {rElec rN+ Slay+4 Stlth+}
 25637 | Spider:1 | Acquired the ring "Suuxzaq" {rF+ rC+ Will+ Str+3}
 25720 | Spider:2 | Noticed lyrin's ghost (adept MiBe)
 25729 | Spider:2 | Noticed Mlioglotl
 25751 | Spider:2 | Noticed Azrael
 26104 | Spider:2 | Noticed Arachne
 26114 | Spider:1 | Killed Mlioglotl
 26186 | Spider:1 | Killed Azrael
 26417 | Spider:1 | Killed Arachne
 26440 | Spider:2 | Found a runed translucent gate.
 26440 | Spider:2 | Found a runed translucent gate.
 26450 | Spider:2 | Noticed Roxanne
 26467 | Spider:2 | Found a runed translucent gate.
 26538 | Spider:2 | Noticed Jorgrun
 26561 | Spider:2 | Killed Jorgrun
 26664 | Spider:2 | Noticed Nikola
 26824 | Spider:1 | Upgraded the game from 0.31-a0-859-g9dce7d3 to
                  | 0.31-a0-865-g3d5d917
 26851 | Spider:2 | Killed Nikola
 28190 | Spider:2 | Reached XP level 17. HP: 47/114 MP: 0/23
 28623 | Spider:3 | Noticed Asterion
 28650 | Spider:2 | Killed Asterion
 29227 | Spider:3 | Reached skill level 16 in Fighting
 29460 | Spider:3 | Reached skill level 5 in Dodging
 30609 | Spider:4 | Entered Level 4 of the Spider Nest
 30630 | Spider:3 | Reached skill level 10 in Invocations
 32945 | Spider:4 | Got a gossamer rune of Zot
 33017 | Spider:3 | Reached XP level 18. HP: 47/122 MP: 11/26
 33429 | D:7      | Bought a scroll labelled MIAQOOS RUAJUX for 26 gold pieces
 33429 | D:7      | Bought a scroll of blinking for 195 gold pieces
 33558 | Shoals:1 | Entered Level 1 of the Shoals
 34078 | Shoals:1 | Reached skill level 17 in Fighting
 34439 | Shoals:1 | Acquired a ring of see invisible
 35579 | Shoals:2 | Identified the +3 leather armour of Serendipity {rC+ Dex+6}
 35761 | Shoals:2 | Found a frozen archway.
 35775 | IceCv    | Entered an ice cave
 36645 | Shoals:3 | Noticed Polyphemus
 36677 | Shoals:3 | Killed Polyphemus
 38298 | Shoals:3 | Identified the +0 chain mail of Jicee {rC- Str+6 Int+4}
 38631 | Shoals:4 | Entered Level 4 of the Shoals
 39327 | Shoals:3 | Reached skill level 18 in Fighting
 39327 | Shoals:3 | Reached XP level 19. HP: 112/130 MP: 25/28
 39939 | Shoals:4 | Identified the ring "Dirysmal" {rElec rC- MP+9 Str+5 Dex+2}
 41269 | Shoals:4 | Found a white marble altar of Elyvilon.
 41311 | Shoals:4 | Identified the staff of Mourning {rPois rF+ Poison}
 41327 | Shoals:4 | Got a barnacled rune of Zot
 41381 | Shoals:4 | Found a glowing silver altar of Zin.
 41737 | Lair:4   | Found a staircase to the Slime Pits.
 42059 | Vaults:1 | Entered Level 1 of the Vaults
 43552 | D:13     | Reached skill level 15 in Shields
 43682 | Vaults:1 | Found a large runed translucent door.
 43682 | Vaults:1 | Found a large runed translucent door.
 43683 | Vaults:1 | Noticed Yngio's ghost (adept DjFE)
 44128 | Vaults:1 | Found a huge runed gate.
 44128 | Vaults:1 | Found a huge runed gate.
 44128 | Vaults:1 | Found a huge runed gate.
 44128 | Vaults:1 | Found a huge runed gate.
 44128 | Vaults:1 | Found a huge runed gate.
 44128 | Vaults:1 | Found a huge runed gate.
 44129 | Vaults:1 | Found a huge runed gate.
 44129 | Vaults:1 | Found a huge runed gate.
 44129 | Vaults:1 | Found a huge runed gate.
 44129 | Vaults:1 | Found a huge runed gate.
 44132 | Vaults:1 | Found a huge runed gate.
 44132 | Vaults:1 | Found a huge runed gate.
 44132 | Vaults:1 | Found a huge runed gate.
 44132 | Vaults:1 | Found a huge runed gate.
 44132 | Vaults:1 | Found a huge runed gate.
 44132 | Vaults:1 | Found a huge runed gate.
 44133 | Vaults:1 | Found a huge runed gate.
 44134 | Vaults:1 | Found a huge runed gate.
 44135 | Vaults:1 | Found a huge runed gate.
 44226 | Vaults:1 | Found a huge runed gate.
 44226 | Vaults:1 | Found a huge runed gate.
 44226 | Vaults:1 | Found a huge runed gate.
 44226 | Vaults:1 | Found a huge runed gate.
 44226 | Vaults:1 | Found a huge runed gate.
 44226 | Vaults:1 | Found a huge runed gate.
 44227 | Vaults:1 | Found a huge runed gate.
 44228 | Vaults:1 | Found a huge runed gate.
 44229 | Vaults:1 | Found a huge runed gate.
 44252 | Vaults:1 | Found a huge runed gate.
 44252 | Vaults:1 | Found a huge runed gate.
 44252 | Vaults:1 | Found a huge runed gate.
 44252 | Vaults:1 | Found a huge runed gate.
 44252 | Vaults:1 | Found a huge runed gate.
 44252 | Vaults:1 | Found a huge runed gate.
 44253 | Vaults:1 | Found a huge runed gate.
 44294 | Vaults:1 | Found a huge runed gate.
 45176 | Vaults:2 | Reached skill level 19 in Fighting
 45434 | Vaults:2 | Reached XP level 20. HP: 111/139 MP: 25/30
 47207 | Vaults:3 | Found a staircase to the Crypt.
 47652 | Vaults:3 | Identified the amulet of Nigaukun {Faith Int+2}
 48167 | Vaults:3 | Reached skill level 20 in Fighting
 49048 | Vaults:3 | Identified the +0 helmet of Bad Feelings {Dex+4}
 49056 | Vaults:3 | Identified the +3 ring mail "Ypneopash" {Str+2}
 49072 | Vaults:3 | Identified the +2 robe of the Apothecary {*Corrode rC-
                  | Int+9 Dex+4}
 49320 | Vaults:3 | Found Bugiep's Weapon Boutique.
 50303 | Vaults:4 | Reached XP level 21. HP: 132/147 MP: 27/31
 51125 | Vaults:4 | Identified the +0 robe of Apathy {rF+ Dex+2}
 51296 | Vaults:4 | Found a runed translucent door.
 51296 | Vaults:4 | Found a shimmering altar of Xom.
 51296 | Vaults:4 | Noticed arghonaut's ghost (adept DsIE)
 52033 | Depths:1 | Entered Level 1 of the Depths
 52095 | Depths:1 | Reached skill level 15 in Invocations
 52302 | Depths:1 | Found a one-way gate leading to the halls of Pandemonium.
 52498 | D:15     | Reached skill level 21 in Fighting
 52689 | Depths:1 | Identified the +2 leather armour of the Maze {+Inv rF+
                  | rCorr MP+9}
 53061 | Depths:1 | Identified the ring "Onunty" {+Blink rElec rN+ rCorr Str-5}
 53115 | Depths:1 | Found a one-way gate to the infinite horrors of the Abyss.
 53151 | Depths:1 | Found a gateway to Hell.
 54125 | Depths:1 | Found a stormy altar of Qazlal.
 54174 | Depths:1 | Found Hing's Antique Armour Shop.
 54352 | Depths:1 | Found Icoofuj's Jewellery Shop.
 54353 | Depths:1 | Found Xicu's Book Shoppe.
 54354 | Depths:1 | Found Apop's Jewellery Shop.
 54364 | Depths:1 | Bought an amulet of reflection for 480 gold pieces
 54844 | Depths:2 | Reached XP level 22. HP: 135/155 MP: 28/33
 55639 | Depths:2 | Identified the +1 helmet of the Game Afoot {Dex+3}
 56819 | Depths:3 | Found a corrupted altar of Lugonu.
 57125 | Depths:3 | Found a sparkling altar of Nemelex Xobeh.
 57932 | Depths:3 | Found the +5 robe of Night {Dark Will+ SInv}
 57933 | Depths:3 | Found a shadowy altar of Dithmenos.
 57934 | Depths:3 | Found the +2 cloak of the Thief {*Fog Slay-2 SInv Stlth+}
 58092 | Depths:4 | Entered Level 4 of the Depths
 58148 | Depths:4 | Found a flickering gateway to a bazaar.
 58160 | Depths:3 | Paralysed by a floating eye for 4 turns
 58507 | Bazaar   | Entered a bazaar
 58533 | Bazaar   | Found Sackoec's General Store.
 58541 | Bazaar   | Found Ughaih's Jewellery Shop.
 58582 | Bazaar   | Found Ituroxom's Armour Shoppe.
 58590 | Bazaar   | Found Fovanuadgh's Weapon Boutique.
 58842 | Depths:3 | Reached skill level 22 in Fighting
 60144 | Depths:4 | Found a one-way gateway to a ziggurat.
 60428 | Depths:4 | Noticed a golden dragon
 60428 | Depths:4 | Noticed a golden dragon
 60492 | Depths:4 | Found a glowing golden altar of the Shining One.
 61232 | Depths:4 | Reached XP level 23. HP: 148/162 MP: 32/35
 61503 | Depths:3 | Killed a golden dragon
 61574 | Depths:4 | Noticed a golden dragon
 61762 | Depths:3 | Killed a golden dragon
 61982 | Depths:4 | Noticed a golden dragon
 62005 | Depths:4 | Killed a golden dragon
 62820 | Depths:4 | Found a gate to the Realm of Zot.
 63078 | Depths:3 | Killed a golden dragon
 63619 | Depths:4 | Upgraded the game from 0.31-a0-865-g3d5d917 to
                  | 0.31-a0-867-g9b2fd80
 63872 | Elf:1    | Entered Level 1 of the Elven Halls
 63898 | Elf:1    | Found Wafaf's Assorted Antiques.
 63910 | Elf:1    | Paralysed by an air elemental for 1 turns
 63915 | Elf:1    | Paralysed by an air elemental for 1 turns
 63948 | Abyss:2  | Cast into level 2 of the Abyss (+1 flail of distortion)
 64464 | Elf:1    | Escaped the Abyss
 64630 | Elf:1    | Noticed Aizul
 64645 | Elf:1    | Killed Aizul
 64657 | Elf:1    | Got an engraved book
 65691 | Elf:1    | Noticed Frances
 65702 | Elf:1    | Killed Frances
 66051 | Elf:1    | Reached skill level 23 in Fighting
 66291 | Elf:2    | Found Offuuz's Armour Boutique.
 67054 | Elf:2    | Found a transporter.
 67056 | Elf:2    | Found Zascheny's General Store.
 67058 | Elf:2    | Found a transporter.
 67166 | Elf:2    | Found Pahoah's Book Emporium.
 67197 | Elf:2    | Reached XP level 24. HP: 171/171 MP: 36/36
 67374 | Elf:2    | Found Xiamiat's Distillery.
 67380 | Elf:2    | Bought 3 potions of haste for 450 gold pieces
 67380 | Elf:2    | Bought 2 potions of heal wounds for 150 gold pieces
 67380 | Elf:2    | Bought a potion of experience for 750 gold pieces
 67382 | Elf:2    | Reached XP level 25. HP: 176/176 MP: 36/36
 67466 | Elf:2    | Found a huge runed translucent gate.
 67466 | Elf:2    | Found a huge runed translucent gate.
 67466 | Elf:2    | Found a huge runed translucent gate.
 67466 | Elf:2    | Found a huge runed translucent gate.
 67469 | Elf:2    | Found a huge runed translucent gate.
 68527 | Elf:2    | Bought a scroll of blinking for 120 gold pieces
 68542 | Elf:3    | Entered Level 3 of the Elven Halls
 69065 | Vaults:5 | Entered Level 5 of the Vaults
 69919 | Vaults:5 | Noticed a dread lich
 69927 | Vaults:5 | Noticed Mennas
 69941 | Vaults:4 | Killed a dread lich
 69942 | Vaults:4 | Reached skill level 15 in Throwing
 70050 | Vaults:4 | Killed Mennas
 71265 | Vaults:5 | Got a resplendent book
 71339 | Vaults:5 | Reached skill level 24 in Fighting
 72125 | Vaults:5 | Identified the +4 troll leather armour "Weicorel" {*Corrode
                  | rF+ rC+ Regen+ Str+6}
 72217 | Vaults:5 | Identified the +1 scale mail "Unu Qiez" {rF++}
 72924 | Vaults:5 | Reached XP level 26. HP: 180/185 MP: 35/36
 73593 | Vaults:5 | Identified the ring of Spring {Wiz Contam Dex+3 SInv}
 73728 | Vaults:5 | Got a silver rune of Zot
 74234 | Orc:2    | Bought a potion of haste for 130 gold pieces
 74234 | Orc:2    | Bought a potion of heal wounds for 65 gold pieces
 74544 | Zot:1    | Entered Level 1 of the Realm of Zot
 76640 | Zot:1    | Reached skill level 25 in Fighting
 80807 | Zot:3    | Noticed an orb of fire
 81162 | Zot:2    | Killed an orb of fire
 85710 | Zot:3    | Reached XP level 27. HP: 86/193 MP: 19/36
 86841 | Zot:4    | Found the +4 dragonskin cloak
 86841 | Zot:4    | Noticed Tiamat
 87904 | Zot:3    | Killed Tiamat
 89617 | Zot:4    | Noticed Parghit
 89967 | Zot:3    | Killed Parghit
 90155 | Zot:4    | Noticed Grunn
 90162 | Zot:4    | Reached skill level 10 in Dodging
 90170 | Zot:4    | Killed Grunn
 90738 | Zot:3    | Upgraded the game from 0.31-a0-867-g9b2fd80 to
                  | 0.31-a0-868-g674d60d
 91253 | Zot:4    | Noticed an orb of fire
 91289 | Zot:4    | Killed an orb of fire
 91658 | Zot:5    | Entered Level 5 of the Realm of Zot
 91931 | Zot:5    | Noticed an orb of fire
 91946 | Zot:5    | Killed an orb of fire
 92156 | Zot:5    | Got a mumbling book
 92168 | Zot:5    | Noticed an ancient lich
 92199 | Zot:4    | Killed an ancient lich
 93867 | Zot:5    | Noticed an ancient lich
 93917 | Zot:5    | Killed an ancient lich
 94061 | Zot:5    | Noticed an orb of fire
 94067 | Zot:5    | Noticed an ancient lich
 94272 | Zot:4    | Killed an ancient lich
 94460 | Zot:4    | Killed an orb of fire
 95658 | Zot:5    | Noticed a dread lich
 95927 | Zot:5    | Killed a dread lich
 96211 | Zot:5    | Noticed an ancient lich
 96236 | Zot:5    | Noticed a dread lich
 96337 | Zot:5    | Noticed an ancient lich
 96374 | Zot:4    | Killed an ancient lich
 96613 | Zot:4    | Killed a dread lich
 96727 | Zot:5    | Killed an ancient lich
 96968 | Zot:5    | Noticed an orb of fire
 96997 | Zot:5    | Killed an orb of fire
 97021 | Zot:5    | Noticed a dread lich
 97035 | Zot:5    | Killed a dread lich
 97129 | Zot:5    | Noticed a dread lich
 97142 | Zot:5    | Killed a dread lich
 97470 | Zot:5    | Got the Orb of Zot
 97659 | Depths:4 | Noticed Gurum the pandemonium lord
 98023 | D:11     | Noticed Cycvyamo the pandemonium lord
 98485 | D:$      | Escaped with the Orb!

Illustrated notes

Levels and vault maps discovered:
D:1:      lightli_molten_gateway, layout_loops_ring, hangedman_feature_mirror
D:2:      minmay_inner_zag, layout_basic, serial_shops, shop
D:3:      layout_basic, zin_purify, grunt_ministairs_1
D:4:      layout_basic, gup_sewer_entry_bowl, chequers_ossuary_entry_cave,
          guppyfry_early_lair_pool, uniq_robin, uniq_natasha, uniq_eustachio
D:5:      layout_rooms, mainiacjoe_overflow_boulevard, minmay_temple_entry_tees,
          minmay_splitting_lines
D:6:      layout_basic, mainiacjoe_overflow_paths, trog_hazing_becter,
          uniq_blork_the_orc
D:7:      lemuel_ice_spiral_2, layout_rooms,
          mainiacjoe_overflow_small_starburst, lemuel_doored_altar,
          mainiacjoe_overflow_big_doors, serial_shops, nicolae_shop_statue_plus
D:8:      layout_cave_pools, due_lair_maze_entry_diamond, uniq_joseph,
          uniq_psyche, uniq_prince_ribbit1
D:9:      layout_basic, vehumet_crystals, orc_0_dummy, uniq_amaemon
D:10:     layout_irregular_city, serial_column_ruins, column_ruins_square_large,
          column_ruins_hut, column_ruins_grid_3, column_ruins_columns_straight,
          column_ruins_corridor_straight, column_ruins_open_tiny,
          column_ruins_open_medium, nicolae_transporter_intersection
D:11:     layout_roguey, minmay_shattered_shrine
D:12:     layout_loops_ring, minmay_statues_item, minmay_crystal_box
D:13:     layout_loops_corners, lightli_vaults_fourway_checkpoint, serial_shops,
          shop, disabler_island
D:14:     layout_loops_corners, good_gods_mini_temple,
          nicolae_gozag_zags_fifth_avenue, uniq_agnes
D:15:     hangedman_depths_entry_civil_slaughter, layout_loops_ring
Lair:1:   layout_regular_city, grunt_megastairs_2, serial_bayou_shore_a,
          uniq_maggie
Lair:2:   layout_big_grid, gauntlet_entry_generic, grunt_megastairs_3
Lair:3:   layout_regular_city, elwin_shoals_entry_rooms,
          nicolae_spider_entry_lesser_pyramids
Lair:4:   layout_regular_city, minmay_slime_entry_oklob_enclosed
Lair:5:   minmay_lair_end_frog_pond, layout_regular_city,
          chequers_serial_rivers_room_b, infiniplex_staircase_pool_2
Shoals:1: layout_shoals
Shoals:2: layout_shoals, portal_ice_cave_entry_frozen_things,
          nicolae_shoals_shepherds
Shoals:3: cheibrodos_shoals_epimethial_gifts, layout_shoals, uniq_polyphemus
Shoals:4: shoals_end_hellmonk_holy_island
Spider:1: cheibrodos_forgotten_conduit, gammafunk_ghost_cemetery
Spider:2: layout_spider_delve, gammafunk_ghost_split, uniq_mlioglotl,
          uniq_arachne, uniq_azrael, uniq_roxanne, uniq_jorgrun, uniq_nikola
Spider:3: layout_chambers, nicolae_orb_stairs, uniq_asterion
Spider:4: hellmonk_spider_rune_endless_swarm
Orc:1:    layout_diamond_mine
Orc:2:    pubby_orc_utopia
Elf:1:    elf_arrival_001, layout_loops_corners, serial_shops, shop,
          special_room [special_room_mythical_zoo], minmay_elf_demonology,
          grunt_ministairs_15, minivault_28, uniq_frances, uniq_aizul
Elf:2:    elven_hall_of_blades_hangedman_alternative
          [nicolae_blade_little_rooms], layout_gridlike, serial_shops,
          nicolae_book_shop_shelving, nicolae_shop_drivethru, shop,
          nicolae_shop_pleasant_corner_grove
Elf:3:    elf_hall_gauntlet_wide, layout_loops_corners, serial_shops,
          nicolae_lakefront_shop, item_on_display_a
Vaults:1: ebering_ghost_disaster_area, hangedman_vaults_maws,
          nicolae_vaults_tetromino_Z_2, door_vault, vaults_mumra_hexcomb,
          vaults_dpeg_ring, nicolae_vaults_heart-shaped_vault,
          nicolae_vaults_weapon_check, ontoclasm_vaults_ligature,
          nicolae_vaults_heist, layout_vaults_omnicross
Vaults:2: hangedman_vaults_cutoff, v_rooms_4, vaults_mumra_bighexcomb,
          nicolae_vaults_sealed_display, hangedman_vaults_slice,
          nicolae_vaults_offset_grid_hallway_4, ontoclasm_vaults_fault,
          ontoclasm_vaults_eye, ontoclasm_vaults_shuriken,
          nicolae_vaults_house_1, layout_vaults_omnigrid
Vaults:3: nicolae_vaults_trapezoid_2, minmay_crypt_entry_simple_statues,
          nicolae_vaults_storing_the_good_stuff, nicolae_vaults_rhombus_6,
          nicolae_vaults_three_branches, v_misc_19, v_misc_32,
          dpeg_vaults_monster_box, nicolae_vaults_storage_room_doors,
          nicolae_vaults_mini_display_case, nicolae_vaults_octothorpe,
          vaults_room_stairs_pillars, vaults_room_door_ring, v_misc_27,
          layout_vaults_big_room, serial_shops, nicolae_shop_behind_doors
Vaults:4: ebering_ghost_xom, nicolae_vaults_apartment_2,
          nicolae_vaults_twisting_passages, nicolae_vaults_hallways_thing,
          nicolae_vaults_shipping_containers_2,
          nicolae_vaults_variable_pillar_hall, nicolae_vaults_meiosis,
          hangedman_vaults_stream, vaults_room_corners,
          grunt_vaults_hallway_long, nicolae_vaults_little_squares_6,
          nicolae_vaults_heart-shaped_vault, nicolae_vaults_little_ls,
          vaults_room_corners, nicolae_vaults_double_plus_1,
          nicolae_vaults_tetromino_L_2, layout_vaults_omnibox
Vaults:5: uniq_mennas
Depths:1: layout_cave_pools, grunt_hell_horde, pan_entry, grunt_qazlal_clouds,
          serial_shops, shop, abyss_entry, grunt_ministairs_15,
          kennysheep_generic_room_8, minmay_shop_grove
Depths:2: minmay_distorted_concentric_squares, layout_small_grid,
          kennysheep_cross_bottleneck, hangedman_tar_grid_catacomb, pan_entry
Depths:3: regret_index_dithmenos_brocken_genspenst, layout_gridville,
          abyss_entry_flame_altar, nemelex_lonely_heart_becter, hell_entry,
          minmay_misc_feat_hallway
Depths:4: lemuel_castle_with_subvaults [lemuel_castle_interior_carwin_1],
          layout_cross, enter_ziggurat_a, tso_metal_star, serial_shops,
          bzr_entry_customers, grunt_hell_entry_dis_grunt, grunt_ministairs_10,
          serial_bayou_pond_b, serial_bayou_shore_b
Zot:1:    layout_cathedral_of_symmetry, grunt_ministairs_3,
          hangedman_hellfire_club
Zot:2:    layout_onion_interference
Zot:3:    layout_basic
Zot:4:    layout_misc_corridors, uniq_parghit, uniq_tiamat, uniq_grunn
Zot:5:    layout_misc_corridors

Skill      XL: |  1  2  3  4  5  6  7  8  9 10 11 12 13 14 15 16 17 18 19 20 21 22 23 24 25 26 27 |
---------------+----------------------------------------------------------------------------------+-----
Armour         | 1 2 3 4 7 10 11 14 | 14.9
Maces & Flails | 4 5 6 8 10 11 12 14 16 17 18 19 20 21 22 23 24 | 24.5
Invocations    | 1 2 3 4 6 7 8 9 11 12 14 15 17 18 19 | 19.0
Fighting       | 4 5 6 7 8 10 12 13 15 16 18 19 20 21 22 23 24 25 | 25.0
Shields        | 3 5 7 9 10 12 14 15 16 19 | 19.1
Evocations     | 3 5 8 9 10 | 10.0
Throwing       | 2 5 8 10 11 13 14 15 16 | 16.0
Dodging        | 4 6 8 9 11 | 11.8

Action                     |  1- 3 |  4- 6 |  7- 9 | 10-12 | 13-15 | 16-18 | 19-21 | 22-24 | 25-27 || total
---------------------------+-------+-------+-------+-------+-------+-------+-------+-------+-------++-------
  Melee: Mace              |   107 |    72 |       |       |       |       |       |       |       ||   179
         Morningstar       |       |    69 |   244 |   467 |  1301 |   656 |       |       |    33 ||  2770
         Eveningstar       |       |       |       |       |       |   896 |  1612 |  1431 |  2196 ||  6135
         Sacred scourge    |       |       |       |       |       |       |       |       |   428 ||   428
  Throw: Javelin           |       |     1 |     6 |     8 |     4 |    24 |    27 |    11 |    92 ||   173
         Throwing net      |       |       |       |     2 |     9 |       |     4 |       |     1 ||    16
         Dart              |       |       |       |       |     4 |     4 |       |       |       ||     8
 Invoke: Vitalisation      |       |     1 |       |    10 |     6 |    17 |     8 |     2 |     5 ||    49
         Recite            |       |       |     4 |     7 |    17 |    24 |    23 |    10 |    10 ||    95
         Sanctuary         |       |       |       |       |       |       |     1 |     4 |     4 ||     9
  Evoke: Wand              |       |       |     7 |     4 |    18 |    21 |     2 |     4 |    20 ||    76
         Phantom mirror    |       |       |       |       |     3 |     2 |     1 |     1 |     2 ||     9
         Lightning rod     |       |       |       |       |       |     7 |     5 |     3 |     5 ||    20
    Use: Scroll            |       |     5 |     3 |     7 |     5 |    30 |     6 |     4 |    19 ||    79
         Potion            |       |       |     1 |     2 |     3 |     6 |     3 |     3 |    24 ||    42
   Stab: Invisible         |       |       |     3 |       |     1 |     4 |       |       |     4 ||    12
         Held in net/web   |       |       |       |     1 |     1 |       |       |       |       ||     2
         Paralysed         |       |       |       |     4 |    11 |     5 |       |       |       ||    20
         Confused          |       |       |       |       |     1 |     7 |     5 |     2 |     3 ||    18
         Distracted        |       |       |       |       |       |       |       |       |     1 ||     1
 Armour: Robe              |    16 |       |       |       |       |       |       |       |       ||    16
         Ring mail         |    48 |    34 |   174 |   449 |   622 |       |       |       |       ||  1327
         Chain mail        |       |    39 |    54 |       |       |       |       |       |       ||    93
         Plate armour      |       |       |       |       |   146 |  1985 |  1137 |   784 |       ||  4052
         Gold dragon scale |       |       |       |       |       |       |       |   424 |  2913 ||  3337
  Dodge: Dodged            |    69 |    65 |   154 |   219 |   412 |   622 |   410 |   366 |   604 ||  2921
  Block: Kite shield       |       |       |    85 |   343 |   734 |  1462 |  1275 |  1084 |  2192 ||  7175

Table legend: (Time is in decaauts)
 A = Elapsed time spent in this place.
 B = Non-inter-level travel time spent in this place.
 C = Inter-level travel time spent in this place.
 D = Time resting spent in this place.
 E = Time spent auto-exploring this place.
 F = Levels seen in this place.
 G = Mean time per level.
                   A        B        C        D        E       F      G
               +--------+--------+--------+--------+--------+-----+--------+
         Total |  96714 |  91359 |   5355 |  33243 |  31840 |  52 | 1859.9 |
       Dungeon |  17326 |  15272 |   2054 |   2381 |   8506 |  15 | 1155.1 |
          Lair |   7304 |   6654 |    650 |   1380 |   3379 |   5 | 1460.8 |
        Shoals |   7679 |   7602 |     77 |   3020 |   2216 |   4 | 1919.8 |
   Spider Nest |   9489 |   9209 |    280 |   3602 |   2887 |   4 | 2372.2 |
  Orcish Mines |   3495 |   3076 |    419 |    647 |   1329 |   2 | 1747.5 |
   Elven Halls |   4086 |   3830 |    256 |    819 |   1700 |   3 | 1362.0 |
        Vaults |  14069 |  13444 |    625 |   4594 |   4991 |   5 | 2813.8 |
        Depths |  11489 |  10954 |    535 |   4878 |   3115 |   4 | 2872.2 |
           Zot |  20773 |  20318 |    455 |  11690 |   3418 |   5 | 4154.6 |
         Abyss |    491 |    491 |      0 |    230 |     49 |   2 |  245.5 |
        Bazaar |    123 |    123 |      0 |      0 |     99 |   1 |  123.0 |
         Sewer |    381 |    381 |      0 |      0 |    151 |   1 |  381.0 |
      Ice Cave |      4 |      4 |      0 |      0 |      0 |   1 |    4.0 |
               +--------+--------+--------+--------+--------+-----+--------+

Top non-repeatable levels by time:
   Zot:3: 5246 daAuts
   Zot:2: 5115 daAuts
Depths:3: 4327 daAuts
   Zot:1: 3887 daAuts
Depths:4: 3598 daAuts
Spider:3: 3404 daAuts
Vaults:2: 3377 daAuts
Shoals:3: 3295 daAuts
Vaults:4: 3292 daAuts
   Zot:5: 3287 daAuts
   Zot:4: 3236 daAuts
Vaults:5: 3052 daAuts
   Orc:2: 2990 daAuts
Spider:1: 2861 daAuts
Vaults:3: 2268 daAuts
